[Event "93rd FRA-ch Acession 2018"]
[Site "Nimes"]
[Date "2018.08.19"]
[Round "2"]
[White "Barseghyan, Harutyun"]
[Black "Calistri, Tristan"]
[Result "1-0"]
[ECO "E98"]
[WhiteElo "2474"]
[BlackElo "2303"]
[Annotator "ChessBase"]
[PlyCount "52"]
[EventDate "2018.08.18"]
[EventType "tourn"]
[EventCountry "FRA"]
[SourceTitle "playchess.com"]
[Source "ChessBase"]
[SourceQuality "1"]
[TimeControl "40/5400+30:1800+30"]

1. d4 Nf6 2. c4 g6 3. Nc3 Bg7 4. e4 d6 5. Nf3 O-O 6. Be2 e5 7. O-O Nc6 8. d5 Ne7 9. Ne1 Nd7 10. Be3 f5 11. f3 f4 12. Bf2 g5 13. Rc1 Ng6 14. c5 Nxc5 15. b4 Na6 16. Nb5 h5 17. Nxa7 Bd7 18. Bxa6 bxa6 19. Qc2 Rf7 20. Qxc7 Qf8 21. Qb6 g4 22. Qxa6 g3 23. Bb6 Qe7 24. h3 Bb5 25. Qxb5 Rxa7 26. a4 Qf8 1-0

[Event "93rd FRA-ch Acession 2018"]
[Site "Nimes"]
[Date "2018.08.19"]
[Round "2"]
[White "Vidal, Llewellyn"]
[Black "Velten, Paul"]
[Result "0-1"]
[ECO "A45"]
[WhiteElo "2304"]
[BlackElo "2464"]
[Annotator "RC"]
[PlyCount "64"]
[EventDate "2018.08.18"]
[EventType "tourn"]
[EventCountry "FRA"]
[SourceTitle "playchess.com"]
[Source "ChessBase"]
[SourceQuality "1"]
[TimeControl "40/5400+30:1800+30"]

1. d4 Nf6 2. Bg5 e6 3. e4 h6 4. Bxf6 Qxf6 5. Nc3 a6 6. Nf3 d6 7. a4 Nd7 8. Bc4 g6 9. O-O Bg7 10. Re1 e5 11. dxe5 dxe5 12. Nd5 Qd8 13. a5 O-O 14. c3 c6 15. Ne3 Qe7 16. Qc2 Nf6 17. h3 Nh5 18. Rad1 Nf4 19. b4 Qf6 20. Nh2 h5 21. Bf1 Be6 22. c4 Rfd8 23. c5 Rd4 24. Rxd4 exd4 25. Nc4 d3 26. Qc1 Qc3 27. Nd2 Rd8 28. Nhf3 Qxb4 29. e5 Bh6 30. h4 Bf5 31. Qb1 Ne2+ 32. Kh1 Bxd2 0-1

[Event "93rd FRA-ch Acession 2018"]
[Site "Nimes"]
[Date "2018.08.20"]
[Round "3"]
[White "Bailet, Pierre"]
[Black "Joie, Sebastien"]
[Result "1/2-1/2"]
[ECO "C42"]
[WhiteElo "2496"]
[BlackElo "2424"]
[Annotator "ChessBase"]
[PlyCount "79"]
[EventDate "2018.08.18"]
[EventType "tourn"]
[EventCountry "FRA"]
[SourceTitle "playchess.com"]
[Source "ChessBase"]
[SourceQuality "1"]
[TimeControl "40/5400+30:1800+30"]

1. e4 e5 2. Nf3 Nf6 3. Nxe5 d6 4. Nf3 Nxe4 5. d4 d5 6. Bd3 Bd6 7. O-O O-O 8. c4 c6 9. cxd5 cxd5 10. Nc3 Nxc3 11. bxc3 Bg4 12. h3 Bh5 13. Rb1 b6 14. Re1 Nc6 15. g3 Bg6 16. Bxg6 hxg6 17. Qb3 Ne7 18. Rb2 Rc8 19. Rbe2 Rc4 20. Ba3 Bxa3 21. Qxa3 Nf5 22. Kg2 Qc8 23. Qxa7 Rxc3 24. Ng5 Qc7 25. Qxc7 Rxc7 26. Nf3 Rc4 27. Ne5 Rc7 28. Nf3 Rc4 29. Ne5 Rc7 30. Rb2 Nxd4 31. Rd1 Rc2 32. Rxc2 Nxc2 33. Rxd5 Re8 34. Nc4 Nb4 35. Rd2 b5 36. Ne3 Ra8 37. Rb2 Nxa2 38. Rxb5 Nc3 39. Rb2 Rd8 40. Rc2 1/2-1/2

[Event "93rd FRA-ch Acession 2018"]
[Site "Nimes"]
[Date "2018.08.20"]
[Round "3"]
[White "Monroy, Charles"]
[Black "Riff, Jean-Noel"]
[Result "1/2-1/2"]
[ECO "D56"]
[WhiteElo "2428"]
[BlackElo "2510"]
[Annotator "ChessBase"]
[PlyCount "80"]
[EventDate "2018.08.18"]
[EventType "tourn"]
[EventCountry "FRA"]
[SourceTitle "playchess.com"]
[Source "ChessBase"]
[SourceQuality "1"]
[TimeControl "40/5400+30:1800+30"]

1. Nf3 d5 2. d4 Nf6 3. c4 e6 4. Nc3 Be7 5. Bg5 h6 6. Bh4 O-O 7. e3 Nbd7 8. Rc1 c5 9. cxd5 Nxd5 10. Bxe7 Nxe7 11. Bd3 cxd4 12. Nxd4 Nf6 13. O-O e5 14. Nf3 Bg4 15. Bb1 Qa5 16. Qa4 Qxa4 17. Nxa4 Bxf3 18. gxf3 Rac8 19. Nc5 b6 20. Ne4 Nxe4 21. Bxe4 Rxc1 22. Rxc1 Rc8 23. Rd1 f5 24. Bb1 Kf7 25. a3 Ke8 26. Kf1 Rd8 27. Bd3 Rd5 28. Ke2 Kd8 29. Rg1 g6 30. h4 Rd6 31. Rc1 Rd5 32. Rc4 Rc5 33. Rxc5 bxc5 34. Bc4 Nc8 35. Bf7 g5 36. hxg5 hxg5 37. Be6 Nd6 38. Kd3 Kc7 39. Bd5 Kb6 40. Kc3 a5 1/2-1/2

[Event "93rd FRA-ch Acession 2018"]
[Site "Nimes"]
[Date "2018.08.23"]
[Round "6"]
[White "Fruchard, Cyrille"]
[Black "Bailet, Pierre"]
[Result "0-1"]
[ECO "E46"]
[WhiteElo "2240"]
[BlackElo "2496"]
[Annotator "RC"]
[PlyCount "64"]
[EventDate "2018.08.18"]
[EventType "tourn"]
[EventCountry "FRA"]
[SourceTitle "playchess.com"]
[Source "ChessBase"]
[SourceQuality "1"]
[TimeControl "40/5400+30:1800+30"]

1. d4 Nf6 2. c4 e6 3. Nc3 Bb4 4. e3 O-O 5. Nge2 c6 6. a3 Ba5 7. b4 Bc7 8. e4 d6 9. Ng3 e5 10. d5 a5 11. Bd2 Bb6 12. Be2 Bd4 13. O-O axb4 14. axb4 Rxa1 15. Qxa1 Na6 16. Qb1 cxd5 17. Nb5 Bb6 18. exd5 Nc7 19. Nxc7 Bxc7 20. f4 Bb6+ 21. Kh1 Bd4 22. Nf5 Bxf5 23. Qxf5 e4 24. g4 g6 25. Qg5 Qa8 26. f5 Qa2 27. Qf4 Be5 28. Qg5 Ra8 29. Rf2 Ra3 30. Be3 Qb3 31. Bf4 e3 32. Rf1 Qc2 0-1

[Event "93rd FRA-ch Acession 2018"]
[Site "Nimes"]
[Date "2018.08.26"]
[Round "9"]
[White "Duboue, Peio"]
[Black "Di Nicolantonio, Lucas"]
[Result "1-0"]
[ECO "C26"]
[WhiteElo "2390"]
[BlackElo "2379"]
[Annotator "ChessBase"]
[PlyCount "45"]
[EventDate "2018.08.18"]
[EventType "tourn"]
[EventCountry "FRA"]
[SourceTitle "playchess.com"]
[Source "ChessBase"]
[SourceQuality "1"]
[TimeControl "40/5400+30:1800+30"]

1. e4 e5 2. Nc3 Nf6 3. g3 d5 4. exd5 Nxd5 5. Bg2 Nxc3 6. bxc3 Nc6 7. Ne2 Bc5 8. O-O O-O 9. Rb1 Bb6 10. d3 f5 11. Kh1 f4 12. gxf4 Qh4 13. fxe5 Bxf2 14. d4 Bg4 15. Qd3 Bf5 16. Qc4+ Kh8 17. Bf4 Rae8 18. Bg3 Bxg3 19. Nxg3 Nxe5 20. Nxf5 Rxf5 21. Qe2 Rh5 22. h3 Qg4 23. Qxe5 1-0